Map: Rhoskallian LE

Players

Tam

  • Race: Protoss Protoss
  • League: Gold
  • Spawn Location: 12:00

Tamthebest

  • Race: Terran Terran
  • League: Gold
  • Spawn Location: 11:00

MattBarry - Winner!

  • Race: Terran Terran
  • Spawn Location: 5:00

MattBarry - Winner!

  • Race: Zerg Zerg
  • Spawn Location: 6:00

VOD

Have the link to the VOD?

Description

Time

  • Played on: Jan. 2, 2023, 10:59 p.m.
  • Length: 22:06
Show
View Real Time Build Order
Export as new Build Order

Tam Protoss 

Build Orders:  

Get SALT Encoding   

  12  0:02  Probe  
  13  0:16  Probe  
  14  0:23  Pylon  
  14  0:31  Probe  
  15  0:43  Probe  
  16  0:53  Forge  
  16  1:01  Probe (Chrono Boost)  
  18  1:12  Probe (Chrono Boost)  
  18  1:14  Pylon  
  18  1:17  Probe (Chrono Boost)  
  19  1:28  Photon Cannon, Probe  
  20  1:34  Gateway  
  20  1:40  Probe  
  21  1:56  Photon Cannon  
  21  1:57  Probe  
  21  2:00  Assimilator  
  22  2:04  Photon Cannon  
  22  2:09  Probe  
  22  2:11  Assimilator  
  23  2:30  Cybernetics Core  
  23  2:35  Photon Cannon  
  23  2:41  Gateway  
  23  2:46  Pylon  
  23  2:55  Probe  
  24  3:11  Pylon  
  24  3:22  Photon Cannon  
  24  3:28  Stalker  
  24  3:31  Stalker  
  28  3:38  Nexus  
  28  3:52  Photon Cannon  
  28  4:00  Probe (Chrono Boost)  
  29  4:13  Probe (Chrono Boost)  
  30  4:18  Stargate, Probe (Chrono Boost)  
  31  4:27  Probe  
  32  4:34  Stalker x2  
  36  4:39  Probe  
  37  4:52  Probe (Chrono Boost)  
  38  4:56  Shield Battery  
  38  5:02  Probe (Chrono Boost)  
  39  5:07  Probe (Chrono Boost)  
  39  5:13  Void Ray  
  44  5:18  Probe  
  39  5:29  Pylon  
  39  5:30  Probe  
  31  6:18  Robotics Facility  
  33  6:26  Void Ray  
  32  6:36  Probe  
  27  6:48  Probe  
  27  6:51  Stalker  
  27  7:00  Probe  
  26  7:12  Probe  
  27  7:24  Probe  
  27  7:28  Photon Cannon  
  28  7:48  Probe  
  28  7:51  Observer  
  30  8:01  Probe  
  31  8:13  Probe  
  32  8:25  Probe  
  33  8:37  Probe  
  30  8:53  Probe  
  27  9:05  Probe  
  27  9:09  Void Ray  
  32  9:12  Nexus  
  32  9:17  Probe  
  33  9:27  Observer  
  33  9:30  Probe  
  35  9:39  Stargate  
  35  9:42  Probe  
  40  10:02  Probe  
  40  10:03  Void Ray  
  41  10:17  Probe  
  42  10:29  Probe (Chrono Boost)  
  43  10:40  Probe (Chrono Boost)  
  44  10:45  Probe (Chrono Boost)  
  45  10:56  Probe (Chrono Boost)  
  46  10:57  Twilight Council  
  46  11:08  Probe (Chrono Boost)  
  46  11:10  Assimilator  
  47  11:16  Probe (Chrono Boost)  
  52  11:22  Probe  
  52  11:23  Void Ray  
  53  11:34  Probe (Chrono Boost)  
  58  11:43  Void Ray  
  58  11:46  Probe (Chrono Boost)  
  59  11:50  Assimilator  
  59  11:53  Probe (Chrono Boost)  
  60  12:00  Probe  
  60  12:06  Zealot x2  
  65  12:13  Probe  
  66  12:43  Stalker x2  
  70  13:07  Charge  
  70  13:10  Void Ray x2  
  70  13:13  Dark Shrine  
  70  13:32  Stargate  
  70  14:20  Fleet Beacon  
  66  15:48  Dark Templar x2  
  70  16:00  Protoss Ground Weapons Level 1  
  70  16:07  Protoss Air Weapons Level 1, Pylon  
  70  16:27  Dark Templar x2  
  70  16:31  Void Ray  
  78  16:43  Tempest  
  78  16:44  Tempest  
  78  16:47  Probe  
  69  16:48  Pylon  
  69  16:59  Probe  
  70  17:06  Dark Templar  
  70  17:07  Dark Templar  
  74  17:10  Pylon  
  70  17:51  Photon Cannon  
  70  17:53  Photon Cannon  
  70  17:55  Shield Battery  
  70  17:58  Tempest x2  
  80  18:01  Mothership (Chrono Boost)  
  80  18:04  Void Ray  
  86  18:29  Dark Templar x2  
  82  19:08  Stalker x2  
  52  19:37  Void Ray x3  
  52  19:38  Stalker x2  
  18  21:01  Dark Templar  
Show
View Real Time Build Order
Export as new Build Order

Tamthebest Terran 

Build Orders:  

Get SALT Encoding   

  12  0:02  SCV  
  13  0:14  SCV  
  13  0:19  Supply Depot  
  14  0:32  SCV  
  14  0:33  Refinery  
  15  0:43  Barracks  
  15  0:46  SCV  
  16  0:58  SCV  
  16  0:59  Refinery  
  17  1:10  SCV  
  18  1:14  Supply Depot  
  18  1:22  SCV  
  19  1:29  Barracks  
  19  1:34  Reaper  
  19  1:35  SCV  
  21  2:00  SCV  
  22  2:06  Reaper  
  23  2:18  Reaper  
  24  2:28  SCV  
  24  2:29  Command Center  
  25  2:38  Reaper  
  26  2:46  Engineering Bay  
  26  2:49  Engineering Bay  
  26  2:50  Reaper  
  27  3:00  Orbital Command  
  27  3:29  SCV  
  27  3:30  Barracks Tech Lab  
  28  3:36  Barracks Tech Lab  
  28  3:48  Terran Infantry Weapons Level 1  
  28  3:49  Terran Infantry Armor Level 1  
  23  4:33  SCV x2  
  23  4:34  Combat Shield  
  23  4:37  Marine x2, Stimpack  
  27  4:44  Barracks, Factory  
  27  4:49  Barracks  
  27  4:52  SCV x2  
  29  4:55  Marine  
  30  5:13  Bunker  
  30  5:21  Missile Turret  
  30  5:22  Missile Turret  
  30  5:25  Marine x2  
  27  5:55  Orbital Command  
  21  6:17  Barracks Reactor  
  21  6:19  Barracks Reactor  
  21  6:20  Factory Tech Lab  
  21  6:21  Marine x2  
  22  6:39  Starport, Marine x2  
  24  6:40  SCV  
  24  6:46  Orbital Command  
  26  6:53  SCV  
  26  6:57  Marine x2  
  28  7:01  Marine  
  28  7:02  Marine x3  
  32  7:14  Marine  
  32  7:15  Marine  
  34  7:19  Marine x2  
  34  7:20  Marine x2  
  38  7:23  Starport Tech Lab  
  38  7:32  Armory, SCV, Marine  
  38  7:33  Marine  
  41  7:37  Marine x3  
  41  7:38  Marine  
  45  7:44  SCV  
  46  7:56  Supply Depot x2  
  46  8:17  Marine x2, SCV  
  46  8:19  Marine  
  51  8:20  Marine x3  
  51  8:26  Raven  
  55  8:28  SCV  
  56  8:35  Marine x2  
  56  8:40  SCV  
  59  8:42  Supply Depot  
  59  8:43  Supply Depot  
  59  8:52  SCV  
  60  9:00  Refinery  
  60  9:09  Starport  
  60  9:11  Siege Tank  
  60  9:16  SCV  
  67  9:17  SCV  
  67  9:18  Raven  
  67  9:29  SCV x2  
  69  9:43  Siege Tank  
  72  9:51  SCV  
  72  9:52  SCV  
  74  9:53  Starport Reactor  
  74  9:56  Marine x4  
  74  9:57  Terran Infantry Weapons Level 2  
  78  10:02  Supply Depot  
  78  10:04  Supply Depot  
  78  10:24  Marine  
  79  10:41  Marine, Command Center  
  79  10:42  Marine x3  
  83  10:43  Medivac  
  83  10:44  Medivac  
  87  11:31  Marine  
  87  11:32  Marine x3  
  93  11:33  SCV  
  93  11:35  Refinery  
  93  11:37  Supply Depot, Raven  
  93  11:38  Supply Depot  
  93  11:39  Supply Depot  
  94  11:53  SCV x2  
  96  12:05  SCV  
  97  12:15  Marine x6  
  100  12:20  Raven  
  75  12:27  Siege Tank  
  75  12:29  Medivac  
  74  12:32  Marine  
  74  12:33  Marine x5  
  66  13:03  Raven  
  66  13:05  SCV x2  
  66  13:06  Marine x6  
  66  13:10  Siege Tank  
  75  13:17  SCV x2  
  77  13:23  Marine  
  77  13:24  Marine x4  
  82  13:29  SCV  
  83  13:35  Orbital Command  
  78  14:04  SCV x3  
  78  14:05  Marine  
  78  14:06  Marine x5  
  78  14:07  Siege Tank  
  78  14:08  Medivac x2  
  96  14:18  Raven  
  96  14:23  Marine x2  
  102  14:24  Marauder x2  
  86  15:29  Marine x6  
  86  15:32  SCV x3  
  95  15:36  Siege Tank  
  95  15:37  Medivac  
  100  15:44  SCV x3  
  100  15:46  Marine  
  100  15:47  Marine x2  
  100  15:48  Marauder x2  
  110  16:07  Marine  
  110  16:08  Marine x3, Siege Tank  
  110  16:09  Marauder x2  
  94  16:15  Medivac  
  96  16:25  Marine  
  96  16:26  Marine x3  
  96  16:30  Marine x2  
  102  16:33  SCV x3  
  105  16:40  Siege Tank  
  105  16:43  Marine  
  105  16:44  Marine x3  
  112  16:48  Marine x2  
  112  16:53  Bunker  
  114  16:58  Missile Turret  
  114  17:01  Marine x4  
  114  17:06  Marine x2  
  120  17:12  Siege Tank  
  123  17:16  Refinery  
  123  17:17  Refinery  
  123  17:19  Marine x4  
  127  17:23  Marine x2  
  127  17:25  Engineering Bay  
  127  17:29  Engineering Bay  
  129  17:36  Marine  
  129  17:42  Marine, Marauder  
  133  17:54  Terran Infantry Weapons Level 3  
  133  17:55  Supply Depot  
  133  18:10  Marine x2  
  133  18:11  Orbital Command  
  133  18:17  Marine x2, Marauder x2  
  139  18:28  Marine x2  
  141  18:49  Engineering Bay  
  141  18:50  Marine x2, Marauder  
  141  18:51  Marine, Siege Tank  
  138  18:56  Marine  
  138  18:57  Marauder  
  141  19:09  Marine x2  
  134  19:30  Supply Depot  
  134  19:31  Supply Depot  
  128  19:34  Marauder  
  128  19:36  Marine, Marauder  
  128  19:38  Supply Depot  
  118  19:51  Marine  
  118  19:52  Marine x2  
  116  19:53  Marine  
  116  19:55  Marine  
  116  19:56  Supply Depot  
  116  19:57  Supply Depot  
  116  19:58  Marauder  
  113  20:03  Supply Depot  
  113  20:09  Marine  
  113  20:10  Marine x2, Siege Tank  
  113  20:11  Marine  
  113  20:12  Marine  
  109  20:18  Marine  
  106  20:27  Marine  
  106  20:28  Marine x2  
  96  20:29  Marine  
  96  20:30  Marine  
  98  20:35  Barracks  
  98  20:36  Marine  
  98  20:37  Barracks  
  98  20:42  Siege Tank  
  102  20:45  Marine  
  102  20:46  Marine x2  
  102  20:47  Marine  
  102  20:48  Marine  
  95  20:54  Marine  
  90  21:03  Marine x3  
  88  21:05  Marine  
  88  21:06  Marine  
  88  21:09  Viking x2  
  94  21:12  Marine  
  94  21:14  Siege Tank  
  93  21:21  Marine  
  93  21:24  Marauder  
  78  21:34  Marine  
  78  21:36  Barracks  
  78  21:38  Barracks  
  74  21:42  Barracks  
  74  21:43  Barracks  
  74  21:45  Marine  
Show
View Real Time Build Order
Export as new Build Order

MattBarry Terran - Winner!

Build Orders: Banshee Rush 

Get SALT Encoding   

  12  0:00  SCV  
  13  0:12  SCV  
  14  0:19  Supply Depot  
  14  0:24  SCV  
  15  0:41  SCV  
  16  0:43  Barracks  
  16  0:48  Refinery  
  16  0:53  SCV  
  17  1:05  SCV  
  18  1:18  SCV  
  19  1:22  Supply Depot  
  19  1:30  Marine, Orbital Command  
  20  1:34  Refinery  
  20  1:51  Marine  
  21  1:55  Factory  
  21  1:58  SCV  
  22  2:09  Marine  
  22  2:10  SCV  
  24  2:28  Marine  
  25  2:30  SCV  
  26  2:41  Starport  
  26  2:42  SCV  
  27  2:49  Marine  
  27  2:51  Command Center  
  28  2:53  Factory Reactor  
  28  2:54  SCV  
  29  3:01  Supply Depot  
  29  3:06  SCV  
  29  3:07  Marine  
  31  3:13  Supply Depot  
  31  3:18  Starport Tech Lab  
  31  3:25  Marine  
  32  3:38  Cloaking Field  
  32  3:39  Banshee  
  35  3:44  Marine  
  36  3:56  Widow Mine x2  
  40  4:04  SCV  
  41  4:17  Supply Depot  
  41  4:22  Banshee  
  41  4:29  SCV  
  42  4:37  Widow Mine x2, Marine  
  47  4:38  Orbital Command  
  47  4:45  SCV  
  48  5:00  SCV  
  48  5:04  Barracks x2  
  46  5:21  Banshee  
  49  5:36  Orbital Command  
  46  5:43  SCV  
  46  5:49  Barracks Tech Lab  
  47  5:54  Supply Depot  
  47  5:58  Barracks Tech Lab, Barracks Reactor  
  47  6:03  Barracks  
  47  6:08  Hellion x2, Engineering Bay  
  47  6:09  Stimpack  
  47  6:10  Marine, Engineering Bay  
  52  7:01  Viking  
  51  7:03  Marine x2  
  51  7:05  Barracks Reactor  
  53  7:09  SCV x2  
  55  7:17  Starport  
  55  7:18  Terran Infantry Armor Level 1, Terran Infantry Weapons Level 1  
  55  7:21  SCV x2  
  57  7:33  SCV x2  
  57  7:34  Viking  
  61  7:40  Supply Depot  
  61  7:48  SCV x2  
  63  7:52  Command Center, Combat Shield  
  63  7:54  Concussive Shells  
  63  7:57  Marine x4  
  69  7:58  Marauder  
  69  7:59  Marauder  
  69  8:00  SCV x2  
  69  8:05  Supply Depot, Viking  
  74  8:06  Supply Depot  
  74  8:09  Supply Depot  
  70  8:27  Marine x4  
  70  8:28  Marine x2  
  74  9:08  SCV x2  
  76  9:12  Medivac x2  
  80  9:20  SCV x2  
  82  9:32  SCV x2  
  82  9:38  Armory  
  84  9:42  Missile Turret  
  84  9:44  SCV x2, Refinery  
  86  9:45  Refinery  
  86  9:51  Medivac x2  
  90  9:56  Supply Depot, SCV  
  90  9:59  Marine x2  
  92  10:03  Marine  
  92  10:04  Marine  
  95  10:11  SCV  
  95  10:12  SCV  
  97  10:23  SCV  
  97  10:25  Medivac x2  
  102  10:34  Terran Infantry Weapons Level 2  
  102  10:36  Terran Infantry Armor Level 2  
  102  10:51  Orbital Command  
  102  10:53  SCV x2  
  104  11:01  Marine x3  
  104  11:02  Marine  
  108  11:05  SCV x2  
  110  11:21  SCV x3  
  110  11:23  Marine x3  
  110  11:24  Marine  
  110  11:25  Marauder x2  
  121  11:28  Supply Depot  
  121  11:29  Refinery  
  121  11:31  Refinery  
  121  11:33  SCV x3  
  124  11:43  Medivac x2  
  124  11:44  Barracks  
  124  11:45  Barracks, SCV x2  
  124  11:46  SCV  
  131  11:48  Marine x4, Marauder x2  
  136  12:14  Marine x2  
  136  12:15  Marine x2  
  137  12:16  Marauder x2  
  137  12:22  Starport  
  127  12:37  Marine  
  127  12:38  Marine x3  
  127  12:39  Marauder x2  
  130  12:57  Marine x4  
  101  13:01  Marauder x2  
  87  13:12  Command Center x2  
  87  13:14  Medivac x2  
  91  13:31  Terran Infantry Armor Level 3, Terran Infantry Weapons Level 3  
  91  13:36  Barracks Tech Lab, Barracks Reactor  
  91  13:41  Viking  
  91  13:46  Marine x3  
  91  13:47  Marine  
  91  13:48  Marauder x2  
  101  14:05  Marine x3, Marauder  
  101  14:06  Marine  
  107  14:20  Marauder  
  107  14:21  Marine x2, Marauder  
  107  14:23  Marine x3  
  107  14:24  Marine  
  116  14:26  Marauder  
  119  14:51  Marine x4  
  119  14:52  Marine x2  
  123  14:53  Marauder x2  
  123  14:54  Marauder  
  129  15:14  Orbital Command  
  129  15:45  Marine x4  
  129  15:46  Marine x2  
  135  15:57  Orbital Command  
  135  15:58  SCV  
  135  15:59  SCV  
  135  16:02  Starport Reactor  
  137  16:06  Viking x2  
  137  16:07  Viking  
  137  16:08  Marine x3  
  137  16:09  Marine  
  137  16:10  Marine x2, SCV  
  137  16:11  SCV  
  151  16:12  Marine  
  151  16:14  Marine  
  151  16:15  Marine  
  154  16:24  Command Center  
  154  16:31  Marine x2  
  154  16:32  Marine x4  
  160  16:52  Viking x2  
  164  16:58  Viking x3  
  170  17:01  Supply Depot x2  
  170  17:07  Refinery  
  170  17:08  Refinery  
  167  17:29  Marauder x3  
  173  17:31  Viking x3  
  173  17:32  Viking  
  183  17:39  Raven  
  183  17:43  Marine x3  
  186  17:44  Marine x2  
  186  17:45  Marine  
  186  17:51  Orbital Command  
  191  18:22  Raven  
  191  18:33  Marine x5  
  191  18:34  Marine  
  196  18:35  Marauder  
  196  18:36  Orbital Command  
  199  18:46  SCV  
  200  18:54  Marine x4  
  200  18:55  Marine  
  94  19:41  Marine  
  94  19:42  Marine x4  
  94  19:43  Marine  
  94  19:44  Marauder x3  
  94  19:45  Viking x5  
  110  19:59  Barracks  
  110  20:00  Barracks  
  110  20:02  Barracks x2  
  110  20:15  Marine x5  
  110  20:16  Marine  
  110  20:17  Marauder x3  
  120  20:52  Marine x5  
  120  20:53  Marine  
  120  20:54  Marauder x3  
  126  21:10  Marine x5  
  126  21:11  Marine  
  132  21:15  Marauder x3  
  138  21:27  Marine  
  138  21:28  Marine x5  
  138  21:30  Viking x4  
  138  21:31  Medivac  
  154  21:36  Marauder  
  154  21:37  Marauder x2  
  155  21:45  Marine x2  
  155  21:46  Marine x4  
Show
View Real Time Build Order
Export as new Build Order

MattBarry Zerg - Winner!

Build Orders: Pool First 

Get SALT Encoding   

  12  0:03  Drone  
  13  0:22  Spawning Pool  
  13  0:26  Drone  
  13  0:33  Drone  
  14  0:49  Overlord  
  14  1:05  Drone, Extractor  
  14  1:09  Queen  
  14  1:11  Zergling x4  
  18  1:17  Drone  
  19  1:32  Drone  
  20  1:39  Drone  
  21  1:50  Overlord  
  21  2:00  Drone  
  22  2:09  Metabolic Boost  
  22  2:15  Zergling x2  
  22  2:20  Overlord  
  22  2:26  Zergling x2, Drone x2  
  25  2:42  Hatchery  
  24  2:46  Baneling Nest  
  24  2:47  Drone  
  24  2:59  Queen  
  26  3:07  Zergling x4  
  28  3:18  Evolution Chamber  
  27  3:35  Drone, Overlord  
  27  3:36  Drone  
  27  3:37  Zergling x4  
  30  3:49  Zerg Melee Weapons Level 1  
  26  4:14  Drone x3  
  26  4:15  Drone  
  30  4:17  Drone  
  30  4:18  Zergling x6  
  34  4:43  Zergling x2  
  34  4:44  Zergling x14  
  42  5:28  Hatchery  
  31  6:00  Zergling x16  
  31  6:01  Zergling x20  
  42  6:12  Drone  
  42  6:13  Drone  
  44  6:39  Lair  
  31  7:16  Drone x5  
  31  7:17  Drone  
  31  7:19  Spore Crawler  
  31  7:22  Spore Crawler  
  31  7:25  Spore Crawler  
  31  7:28  Queen  
  31  7:35  Spore Crawler, Drone x4  
  31  7:36  Spore Crawler, Drone x6  
  31  7:37  Drone x3  
  42  7:46  Extractor  
  42  7:47  Drone x2  
  43  8:00  Roach Warren  
  43  8:05  Zergling x6  
  45  8:19  Zergling x10  
  51  8:20  Zergling x4  
  52  8:29  Zerg Melee Weapons Level 2  
  52  8:37  Infestation Pit  
  51  8:46  Evolution Chamber  
  50  8:49  Queen  
  52  9:14  Extractor x2  
  50  9:24  Hatchery  
  49  9:40  Overlord x3  
  49  9:42  Drone x3  
  49  9:43  Zergling x4  
  44  9:47  Zergling x2  
  44  9:48  Zergling x20  
  55  9:58  Centrifugal Hooks  
  55  10:36  Drone x3  
  55  10:37  Drone x5  
  55  10:38  Zergling x2, Drone x2  
  55  10:39  Zergling x14  
  73  10:45  Drone  
  73  10:46  Drone x2  
  76  10:54  Queen  
  70  11:20  Drone x3  
  70  11:21  Drone x7  
  79  11:49  Hive  
  79  12:01  Zergling x2  
  79  12:02  Zergling x16  
  83  12:09  Spore Crawler  
  83  12:11  Spine Crawler  
  78  12:35  Zergling x2, Overlord x2  
  78  12:36  Overlord x3  
  74  12:59  Spore Crawler  
  74  13:01  Spore Crawler  
  72  13:08  Overlord  
  72  13:11  Zergling x2  
  72  13:12  Zergling x22  
  84  13:13  Zergling x2, Overlord x4  
  85  13:41  Adrenal Glands  
  85  13:45  Spire  
  84  13:49  Spire  
  83  13:57  Baneling  
  83  13:58  Baneling x4  
  83  13:59  Baneling x7  
  83  14:00  Baneling x2  
  84  14:10  Zergling x6  
  84  14:11  Zergling x6, Overlord x3  
  84  14:12  Drone  
  84  14:13  Drone x5  
  95  14:22  Queen  
  85  15:21  Corruptor  
  85  15:22  Corruptor x7  
  85  15:23  Corruptor x5  
  109  15:35  Hydralisk Den  
  108  15:40  Zergling x14  
  108  15:41  Zergling x12  
  84  16:19  Hydralisk x8  
  100  16:40  Greater Spire  
  100  16:43  Zerg Flyer Weapons Level 1  
  100  17:00  Extractor  
  99  17:01  Drone  
  99  17:02  Drone x5, Extractor  
  99  17:03  Drone x3  
  107  17:24  Overseer  
  107  17:28  Pneumatized Carapace  
  107  17:42  Zerg Melee Weapons Level 3  
  107  17:49  Evolution Chamber  
  106  18:03  Brood Lord x3  
  106  18:04  Brood Lord x3  
  118  18:07  Hydralisk x3  
  120  18:40  Spawning Pool  
  117  19:09  Corruptor  
  115  19:10  Corruptor x7  
  96  19:31  Corruptor x2  
  94  19:44  Corruptor x2  
  96  20:04  Zergling x20  
  96  20:05  Zergling x22  
  88  21:02  Corruptor, Brood Lord  
  78  21:39  Brood Lord x3  
Tags
 
Add a new tag
Caveats
  • Supply blocks, unpowered buildings, or Contaminate may cause inaccurate times.
  • Supply counts are checked every 10 seconds.